 Dungeon Crawl Stone Soup version 0.20.1-1-g8b1a95d (webtiles) character file.

1351 Inchmeat the Quickloader (level 8, -3/73 HPs)
             Began as a Deep Dwarf Hunter on Sept 21, 2017.
             Was a Follower of the Shining One.
             Killed by divine providence
             ... invoked by an orc priest
              (14 damage)
             ... on level 6 of the Dungeon.
             The game lasted 00:14:37 (4597 turns).

Inchmeat the Quickloader (Deep Dwarf Hunter)        Turns: 4597, Time: 00:14:37

Health: -3/73      AC:  9    Str: 18    XL:     8   Next: 36%
Magic:  19/19      EV: 10    Int: 12    God:    the Shining One [*.....]
Gold:   218        SH:  0    Dex: 13    Spells: 7/7 levels left

rFire    . . .     SeeInvis +   b - +0 short sword
rCold    . . .     Gourm    +   (no shield)
rNeg     . . .     Faith    .   p - +2 scale mail {rPois}
rPois    +         Spirit   .   (helmet restricted)
rElec    .         Reflect  .   h - +0 cloak
rCorr    .         Harm     .   (no gloves)
MR       +....     Clarity  +   (no boots)
Stlth    ..........             u - amulet of the gourmand
Regen    0.0/turn               e - ring of see invisible
MPRegen  0.2/turn               x - ring of magical power (curse)

@: non-regenerating, glowing
A: damage resistance, heal wounds, horns 1, clarity, sense surroundings 1, no
regeneration
a: Heal Wounds, Renounce Religion


You were on level 6 of the Dungeon.
You worshipped the Shining One.
The Shining One was aware of your devotion.
You were very full.

You visited 1 branch of the dungeon, and saw 6 of its levels.
You also visited: Ossuary.

You collected 239 gold pieces.
You donated 21 gold pieces to Zin.

Inventory:

Hand Weapons
 a - a +1 hand crossbow
 b - a +0 short sword (weapon)
Missiles
 d - 2 bolts
Armour
 c - a +0 leather armour
 h - a +0 cloak (worn)
 p - a +2 scale mail of poison resistance (worn)
Jewellery
 e - a ring of see invisible (left hand)
 u - an amulet of the gourmand (around neck)
 x - a cursed ring of magical power (right hand)
Scrolls
 g - 6 scrolls of teleportation
 k - a scroll of immolation
 l - 2 scrolls of fog
 n - a scroll of amnesia
 o - 7 scrolls of remove curse
 q - 4 scrolls of blinking
 y - a scroll of identify
Potions
 i - 2 potions of berserk rage {unknown}
 m - a potion of resistance {unknown}
 s - 2 potions of mutation
 w - a potion of cancellation
 z - a potion of lignification
Books
 t - a book of Cantrips

   Spells                             Type                      Level
   a - Confusing Touch                Hexes                        1
   b - Animate Skeleton               Necromancy                   1
   c - Summon Small Mammal            Summoning                    1
   d - Apportation                    Translocation                1
Comestibles
 f - 3 bread rations
 j - 4 meat rations
 r - 4 royal jellies


   Skills:
 * Level 4.6 Fighting
 - Level 10.0 Crossbows
 - Level 1.0 Armour
 - Level 2.1 Dodging
 - Level 1.2 Stealth
 * Level 4.4 Invocations


You had 7 spell levels left.
You didn't know any spells.

Dungeon Overview and Level Annotations

Branches:
Dungeon (6/15)
 Temple: D:4-7

Altars:
Fedhas
Gozag
Hepliaklqana
Kikubaaqudgha
Qazlal
Zin
The Shining One


Innate Abilities, Weirdness & Mutations

You are resistant to damage.
You can heal yourself by infusing magical energy.
You passively map a small area around you.
You do not regenerate.
You have a pair of small horns on your head.
You possess an exceptional clarity of mind.


Message History

The orc looks frightened!
There is a stone staircase leading down here.
You climb downwards. 2 orcs and 2 orc priests come into view.
The orc priest shouts!
The orc shouts!
The orc priest shouts!
The orc shouts!
Found a stone staircase leading down.
There is a stone staircase leading up here.
You hit the orc.
The orc is severely wounded.
The orc priest mumbles some strange prayers to Beogh against you.
Beogh smites you!
* * * LOW HITPOINT WARNING * * *
The orc hits you with a mace.
The orc priest invokes the aid of Beogh against you.
Beogh smites you!
* * * LOW HITPOINT WARNING * * *
The orc priest hits you but does no damage.
The orc priest invokes the aid of Beogh against you.
Beogh smites you!
You die...

* , ,* ### ,
*#@# * , ,
+..>.ooo..o....
,
###.###.#######
,..# *** *### ,
, * * , , ,, *
,* + , * * * *


You could see 2 orc priests and 2 orcs.

Vanquished Creatures
  A wraith (Ossuary)
  A phantom (D:4)
  A necrophage (D:5)
  An ogre (D:5)
  A bullfrog (D:4)
  A bullfrog zombie (D:5)
  A howler monkey (D:5)
  2 crimson imps (D:5)
  A quasit (D:5)
  2 hounds
  An orc priest (D:2)
  10 orc wizards
  An iguana (D:4)
  Terence (D:2)
  A centaur skeleton (D:5)
  2 worker ants
  A hound zombie (D:5)
  A mummy (Ossuary)
  3 gnolls
  6 adders
  An ooze (D:1)
  A worm (D:4)
  2 dart slugs
  6 leopard geckos
  19 orcs
  4 bats
  3 giant cockroaches
  9 goblins
  7 hobgoblins
  4 jackals
  3 quokkas
  3 frilled lizards (D:2)
  5 gnoll skeletons (Ossuary)
  6 kobolds
  8 kobold skeletons (Ossuary)
  12 orc skeletons (Ossuary)
  2 rats
134 creatures vanquished.

Notes
Turn   | Place    | Note
-------+----------+-------------------------------------------
     0 | D:1      | Inchmeat the Deep Dwarf Hunter began the quest for the Orb.
     0 | D:1      | Reached XP level 1. HP: 19/19 MP: 1/1
   512 | D:1      | Reached skill level 5 in Crossbows
   512 | D:1      | Reached XP level 2. HP: 21/26 MP: 2/2
   754 | D:2      | Found a faded altar of an unknown god.
   817 | D:2      | Found an ancient bone altar of Kikubaaqudgha.
   864 | D:2      | Reached XP level 3. HP: 23/32 MP: 3/3
  1028 | D:2      | Noticed Terence
  1037 | D:2      | Killed Terence
  1037 | D:2      | Reached skill level 6 in Crossbows
  1037 | D:2      | Reached XP level 4. HP: 25/39 MP: 4/4
  1532 | D:3      | Reached XP level 5. HP: 14/45 MP: 5/5
  1534 | D:3      | Reached skill level 1 in Armour
  1669 | D:3      | Reached skill level 7 in Crossbows
  2080 | D:3      | Found a glowing silver altar of Zin.
  2081 | D:3      | Found an opulent altar of Gozag.
  2099 | D:3      | Became a worshipper of Zin the Law-Giver
  2099 | D:3      | Reached * piety under Zin
  2315 | D:4      | Reached skill level 8 in Crossbows
  2315 | D:4      | Reached XP level 6. HP: 42/52 MP: 6/6
  2397 | D:4      | Found a blossoming altar of Fedhas.
  2398 | D:4      | Found a stormy altar of Qazlal.
  2563 | D:4      | Reached skill level 9 in Crossbows
  2619 | D:4      | Found a sand-covered staircase.
  2629 | Ossuary  | Entered an ossuary
  2629 | Ossuary  | Noticed a wraith
  2629 | Ossuary  | Noticed a wraith
  2629 | Ossuary  | Noticed a wraith
  2725 | Ossuary  | Noticed a wraith
  2731 | Ossuary  | Gained mutation: You are robust. (+10% HP) [potion of mutation]
  2731 | Ossuary  | Gained mutation: You evolve. [potion of mutation]
  2731 | Ossuary  | Gained mutation: You have large cloven feet. [potion of mutation]
  2742 | Ossuary  | Killed a wraith
  2742 | Ossuary  | Reached XP level 7. HP: 19/63 MP: 7/7
  2898 | Ossuary  | Reached ** piety under Zin
  3463 | D:5      | Entered Level 5 of the Dungeon
  3484 | D:5      | Reached skill level 10 in Crossbows
  3484 | D:5      | Reached skill level 1 in Invocations
  3543 | D:5      | Found a glowing golden altar of the Shining One.
  3622 | D:5      | Fell from the grace of Zin
  3622 | D:5      | Became a worshipper of the Shining One
  3622 | D:5      | Reached * piety under the Shining One
  3804 | D:5      | Found a hazy altar of Hepliaklqana.
  3842 | D:5      | Lost mutation: You evolve. [evolution]
  3845 | D:5      | Lost mutation: You have large cloven feet. [potion of mutation]
  3845 | D:5      | Lost mutation: You are robust. (+10% HP) [potion of mutation]
  3845 | D:5      | Gained mutation: You are dopey. (Int -2) [potion of mutation]
  3845 | D:5      | Gained mutation: You are occasionally teleported next to monsters. [potion of mutation]
  3845 | D:5      | Lost mutation: You are dopey. (Int -2) [potion of mutation]
  3846 | D:5      | Lost mutation: You are occasionally teleported next to monsters. [potion of mutation]
  3846 | D:5      | Gained mutation: You possess an exceptional clarity of mind. [potion of mutation]
  3846 | D:5      | Gained mutation: You have a pair of small horns on your head. [potion of mutation]
  3929 | D:5      | Reached XP level 8. HP: 61/69 MP: 9/9
  4597 | D:6      | Killed from afar by an orc priest

Skill      XL: |  1  2  3  4  5  6  7  8 |
---------------+-------------------------+-----
Crossbows      | 5 6 8 9 10 | 10.0
Armour         | 1 |  1.0
Invocations    | 3 4 |  4.4
Fighting       | 3 4 |  4.6
Dodging        | |  2.1
Stealth        | |  1.2

Action                   |  1- 3 |  4- 6 |  7- 9 || total
-------------------------+-------+-------+-------++-------
Melee: Short sword       |       |    73 |   259 ||   332
       Unarmed           |       |     4 |       ||     4
       Kick              |       |     1 |    45 ||    46
       Headbutt          |       |       |    25 ||    25
 Fire: Hand crossbow     |    72 |   116 |    32 ||   220
Invok: Recite            |       |     2 |       ||     2
       Vitalisation      |       |       |     1 ||     1
 Abil: Heal Wounds       |       |     1 |     5 ||     6
  Use: Scroll            |       |     8 |     2 ||    10
       Potion            |       |     4 |     2 ||     6
  Eat: Chunk             |       |     7 |     9 ||    16
       Bread ration      |       |       |     1 ||     1
Armor: Leather armour    |     7 |       |       ||     7
       Scale mail        |       |    60 |   148 ||   208
       Skin              |       |     5 |       ||     5
Dodge: Dodged            |    11 |    77 |   152 ||   240
